[Event "Paris FIDE GP"]
[Site "Elancourt"]
[Date "2013.10.04"]
[Round "11"]
[White "Bacrot, Etienne"]
[Black "Grischuk, Alexander"]
[Result "1/2-1/2"]
[ECO "D87"]
[WhiteElo "2723"]
[BlackElo "2785"]
[Annotator "ChessBase Website"]
[PlyCount "31"]
[EventDate "2013.09.22"]
[EventType "tourn"]
[EventRounds "11"]
[EventCountry "FRA"]
[EventCategory "20"]
[SourceTitle "CBM 157"]
[Source "ChessBase"]
[SourceDate "2013.11.12"]
[SourceVersion "1"]
[SourceVersionDate "2013.11.12"]
[SourceQuality "1"]
[TimeControl "40/7200:20/3600:900+30"]
[WhiteClock "2:00:00"]
[BlackClock "2:00:00"]

1. d4 Nf6 2. c4 g6 3. Nc3 d5 4. cxd5 Nxd5 5. e4 Nxc3 6. bxc3 Bg7 7. Bc4 c5 8. Ne2 Nc6 9. Be3 O-O 10. O-O Bg4 11. f3 Bd7 12. Rb1 Qc7 13.
Bf4 {[%emt 0:12:34] A totally unnecessary repetition starting on move 13
allowed these players to bypass Sophia rules and the game was drawn.} Qc8 14. Be3 $146 (14. Rc1 Qd8 15. Qd2 cxd4 16.
cxd4 Qa5 17. Qxa5 Nxa5 18. Bd3 Rfc8 19. Rb1 a6 20. Rfc1 Rxc1+ 21. Rxc1 Rc8 22.
Bc7 Nc6 23. Bb6 e6 24. Kf2 Bf8 25. g4 Be7 26. Ke3 e5 27. dxe5 Nxe5 28. Rxc8+
Bxc8 29. Nc3 Be6 30. Be2 g5 31. Nd5 Kf8 32. Nxe7 Kxe7 33. a3 Nc4+ {1/2-1/2 (33)
Bacrot,E (2705)-Areshchenko,A (2672) Germany 2012}) 14... Qc7 15. Bf4 Qc8 16. Be3 1/2-1/2

[Event "EU-ch 12th"]
[Site "Aix les Bains"]
[Date "2011.03.28"]
[Round "7"]
[White "Zude, Erik"]
[Black "Sedlak, Nikola"]
[Result "0-1"]
[ECO "D87"]
[WhiteElo "2409"]
[BlackElo "2556"]
[Annotator "Marchand,A/Primel,D"]
[PlyCount "66"]
[EventDate "2011.03.22"]
[EventType "swiss"]
[EventRounds "11"]
[EventCountry "FRA"]
[SourceTitle "CBM 142 Extra"]
[Source "ChessBase"]
[SourceDate "2011.06.27"]
[SourceVersion "1"]
[SourceVersionDate "2011.06.27"]
[SourceQuality "1"]
[TimeControl "40/5400+30:1800+30"]

1. d4 Nf6 2. c4 g6 3. Nc3 d5 4. cxd5 Nxd5 5. e4 Nxc3 6. bxc3 Bg7 7. Bc4 {92} c5
{92} 8. Ne2 O-O 9. O-O Nc6 10. Be3 Qc7 (10... cxd4 11. cxd4 Qa5 (11... Bg4 12.
f3 Na5 13. Bd5 (13. Bd3) (13. Bxf7+)) (11... Na5 12. Bd3 b6 13. Rc1 e5 14. d5))
(10... Bd7 11. Rc1 Rc8 12. Qd2 (12. d5 Ne5 13. Bb3) 12... Qa5 13. d5 Ne5 14.
Bb3 c4 15. Bc2 e6 16. Rb1 b6 17. f4 Ng4) (10... Na5 11. Bd3 b6 12. Rc1 (12. Qa4
{Bronstein,D-Kortschnoj,V Belgrade 1964 (15) 1-0}) 12... e5 (12... cxd4 13.
cxd4 e6 14. Qd2 Bb7 15. h4) 13. dxe5 (13. dxc5) 13... Be6) 11. Rc1 Rd8 12. Bf4
Qd7 13. dxc5 (13. d5 {La grande ligne} Na5 14. Bd3 e5 15. Bg5 Rf8 16. Qd2 f5
17. c4 b6 18. f4 Ba6 19. fxe5 fxe4 20. e6 $36 {Gruenberg,H (2475)-Gutman,L 
(2535) GMA op Moscow 1989 (5) 1-0}) 13... Qe8 14. Bd5 {92} Ne5 {88} 15. Qb3 {
68 Fin de la préparation des Blancs} ({RR} 15. Nd4 e6 16. Bb3 Qe7 17. Be3 b6
18. cxb6 Ba6 19. c4 Qb7 20. Qe2 axb6 21. Nb5 Nc6 22. f3 Bxb5 23. cxb5 Nd4 24.
Qf2 Nxb3 25. axb3 Rd3 26. Bxb6 Qd7 27. Kh1 Qxb5 28. Qe2 Rxb3 29. Qxb5 Rxb5 {
Grischuk,A (2746)-Nepomniachtchi,I (2711)/Moscow 2011/Mega2011 Update 34/1/2-1/
2 (40)}) 15... e6 {87} 16. Bxe5 {60} Bxe5 {84} 17. f4 $146 ({RR} 17. Bxb7 Rb8
18. c6 Bxb7 19. cxb7 Qc6 20. Nd4 Qc7 21. Rb1 Rd7 22. Nf3 Bf6 23. c4 Be7 24. Qa4
Rxb7 25. Rxb7 Qxb7 26. Ne5 Rd2 27. Qe8+ Bf8 28. c5 Qc7 29. Nf3 Rd8 30. Qb5 Qxc5
31. Qxc5 Bxc5 {Feller,S (2476)-Popovic,P (2474)/Belgium 2007/CBM 120 ext/1/2-1/
2 (51)}) 17... Bc7 {64 La nouveauté a surpris les Noirs} 18. Bxb7 $6 {Risqué} (
18. Nd4 $5 {Tentant de profiter de l'avance de développement} exd5 19. exd5 Qe3+ (19... Bxf4 20. Rce1 $1 Be5 21. d6 $44
{[%csl Ra8,Rb7,Rc8,Re5,Rf7] Il est très difficile pour les Noirs de terminer
le développement} (21. c6) 21... Be6) 20. Kh1 Bxf4 $2 (20... Bg4 21. d6 Ba5 22.
f5 $44 ) (20... Ba5 21. d6 (21. c6) 21... Rf8 22. f5 $44) 21. Rce1) 18... Rb8 $44 19. c6 {L'idée de Bb7 mais le soutien du P"c6" sera insuffisant} Bxb7 $1 20.
cxb7 {49 Le P"b7" va manquer de soutien} Qc6 {[%cal Gc6e4,Gc6b7] 71} 21. Qc2
Rxb7 22. e5 (22. Kh1 $142 Bb6 23. f5 $13 ) 22... Bb6+ 23. Kh1 Rbd7 $1 24. Ng3 Rd2 $40
25. Qe4 Qc7 26. Qa4 Qb7 27. Ne4 {19} Re2 {46} 28. Rce1 $4 {14 Les Blancs
avaient pourtant encore assez de temps а la pendule} Rdd2 29. Qb4 Kg7 30. Rg1
Bxg1 31. Qxb7 Rxe1 32. h4 Be3+ 33. Kh2 Bxf4+ 0-1

[Event "Moscow Tal Memorial 6th"]
[Site "Moscow"]
[Date "2011.11.18"]
[Round "3"]
[White "Nakamura, Hikaru"]
[Black "Svidler, Peter"]
[Result "0-1"]
[ECO "D87"]
[WhiteElo "2758"]
[BlackElo "2755"]
[Annotator "Ramirez Alvarez,A"]
[PlyCount "96"]
[EventDate "2011.11.16"]
[EventType "tourn"]
[EventRounds "9"]
[EventCountry "RUS"]
[EventCategory "22"]
[SourceTitle "CBM 146"]
[Source "ChessBase"]
[SourceDate "2012.01.18"]
[SourceVersion "1"]
[SourceVersionDate "2012.01.18"]
[SourceQuality "1"]
[TimeControl "6000+30"]

1. d4 Nf6 2. c4 g6 3. Nc3 d5 4. cxd5 Nxd5 5. e4 Nxc3 6. bxc3 Bg7 7. Bc4 c5 8.
Ne2 Nc6 9. Be3 O-O 10. O-O Bg4 11. f3 {One of the tabiya's of the 80's, this
position has arisen hundreds of times. However, Black recently has shied away
from what used to be the "only move", Na5, in favour of more restrained
development.} Bd7 (11... Na5 12. Bd3 cxd4 13. cxd4 Be6 14. d5 Bxa1 15. Qxa1 {
has been the subject of much debate.}) 12. Rb1 Qc7 {Maybe the most natural
move, but actually not the most popular. Areschenko had used ...Qc7 earlier in
2011, but ...Rc8 still has more adherents.} (12... Rc8 13. Bd3 (13. dxc5 $5 Qc7
14. Nd4 {Radjabov-Brkic, 2006 EU Cup}) 13... Qc7 14. Qd2 Rfd8 15. Rfc1 Be8 16.
d5 Ne5 {and Black has good counterchances, like in Erdos-Brkic, 2011.}) 13. Bd3
(13. Bf4 {seems to be the move that puts 'the question' to the immediate Qc7.}
e5 (13... Qc8 $5 {may have been what Svidler intended, as it was Areschenko's
choice in his game against Koch. Luring the B to f4 does have its pluses, but
the R on a8 doesn't seem to have an easy future. Future tests are needed.}) 14.
Bg3 cxd4 (14... Rad8 15. Bd5 {is similar}) 15. cxd4 Rad8 16. Bd5 $14 {seems to
favour White a little. It's interesting to see what Svidler had intended to
play in that case.}) 13... Rfd8 {As opposed to the variation above in
Erdos-Brkic, Black has played Rfd8 instead of Rac8. This seems to me like it's
a very slight improvement for Black.} 14. Qd2 a6 15. f4 e6 16. dxc5 {Hikaru
feels it is time to snatch the pawn, something that becomes necessary sooner
or later if Black doesn't take on d4 himself. This always comes with risk,
however, as his structure is shattered and he is vulnerable down the d-file.
However, in this specific instance he also does get the d4 square for his N,
which is quite powerful.} Na5 {[%csl Rd3][%cal Gd7b5,Gd8d2,Gb5d3] The most
logical, with the threat of Bb5.} 17. Nd4 e5 18. fxe5 Qxe5 {This is an
interesting Grünfeld scenario. Black is down a pawn, and it is certainly
unclear if he will ever regain it. For the time being, White has a certain
dominance over the centre with his minor pieces, and his rooks seem active,
but these points might be illusory. First, the rooks are possibly on the best
squares, but without coordination with the other pieces it is hard to believe
they will cause much trouble. This draws attention to the fact that White's
pieces in the centre look nice but are quite stuck. The B on e3 defending c5,
the one on d3 defending e4. True, the N is powerful and controls a lot of
squares, but its primordial role is to block the d-file. Black's game just
seems easier.} 19. Qb2 $2 {Not a bad move, but coupled with thesubsequent
moves, definitely the wrong idea.} (19. Qf2 Qe7 20. h4 $5 {was a better way to
proceed, and the game would've been rather interesting. White is very loose
everywhere but still holds his pluses.}) 19... Rac8 20. Qb4 {This was Hikaru's
idea. To stubbornly defend the c5-pawn, as it seems it is poisoned. The
problem with devoting yourself to the protection of a pawn, is that if for one
reason or another this pawn is taken, the position frequently collapses.} Qxc5
21. Qxc5 Rxc5 {From a strategic point of view, it doesn't make any sense to
exchange queens. However, Hikaru is relying on a simple tactical sequence to
win material. What he might not have realised is that this material is more
than compensated for; a fact that is far from obvious.} 22. Ne2 {[%csl Ga5,Gd8]
[%cal Re3b6,Ra5d8] Aha, so this is the young American's idea, however Svidler
has seen further.} Rc6 23. Bb6 Rxb6 24. Rxb6 Bc6 {Sadly for White, his
coordination is gone and all his pawns are weak. If he could hold on to all of
them he would be doing great with his extra exchange, but that is just not
going to happen. Svidler begins an initiative that does not stop until the end
of the game.} 25. Rf3 (25. Bb1 Bb5 $17 {is oh so unpleasant, for example} 26.
Kf2 (26. Rf2 $2 Rd1+ 27. Rf1 Bxe2 $19) 26... Rd2 27. Rxb5 axb5 {[%csl Ra2,Rc3,
Re4][%cal Ga2h2] and the question is not who is better... the only question is
how many moves will White survive.}) 25... f5 {White's pieces are just in all
sorts of awkward places. Hikaru gives back the exchange, but it is too late
and insufficient to equalise.} 26. Rb4 Bf8 27. Rd4 Bc5 28. Re3 (28. Rf4 {
was a much better move, because it allows White to force Black's hand in the
centre sooner. It doesn't equalise, but it certainly was a more stubborn move.}
fxe4 29. Bxe4 Bb5 {This was probably what Hikaru was afraid of, as the N on e2
now has no defence. However White has a nifty resource here.} 30. Kh1 $1 Bxd4
31. Nxd4 Bc4 $15 {and Black is again better, with a better structure and more
targets, but the win is still far away.}) 28... Re8 $1 {Increasing the
pressure. White is out of moves.} 29. e5 Bd5 30. Kf2 $6 (30. a4 Nc6 $17 31. Kf1
Bb3 {drops the a-pawn anyway. However this also was a better way of returning
the exchange, for example:} 32. Rg3 Bxd4 (32... Nxe5 33. Bxf5 Bxd4 34. cxd4 Nc4
$15) 33. cxd4 Bxa4 34. Bc4+ Kf8 {The extra pawn will eventually tell, but
Black has to overcome some technical difficulties.}) 30... Bxa2 31. Ra4 (31.
Ke1 Nc6 $17 {is to no one's liking. Hikaru sacrifices another pawn in hopes
that it will confuse Svidler.}) 31... Bxe3+ 32. Kxe3 Rxe5+ 33. Kf4 Bb3 {
Of course, everything had been cooly calculated. This move saves the piece and
leaves Black in a winning endgame.} 34. Kxe5 Bxa4 {The king activity just
doesn't compensate for the two pawns, Svidler with great technique wraps up
the game.} 35. Kd6 Bc6 36. g3 Kg7 37. Nd4 Be4 38. Bxe4 fxe4 39. Nc2 (39. Kd5 e3
40. Nc2 e2 41. Ke4 Kf6 42. Kd3 Ke5 43. Kxe2 Nc4 {is a very basic endgame, as
the outside passed pawn will divert too much attention, not to mention it is
Black who is more active now.}) 39... Nc4+ 40. Kd5 Nd2 41. Kc5 Kf6 42. Kb6 Ke5
43. Kxb7 Kd5 44. Ne3+ Kc5 45. Kxa6 {White has manged to recover his lost
material, but at a great cost. His king is far away from the fight and the
lone N is no match for the combined forces of Black's passed e-pawn, N and K.}
Nb1 46. Kb7 Nxc3 47. Kc8 Kd4 48. Ng2 Kd3 {A very instructive exchange
sacrifice by Svidler. He punished Hikaru's over-eagerness to defend his
c5-pawn and after a couple of small inaccuracies after that, he was just
relentless in his technique.} 0-1